AoeStats
← MZTK | Vasmart

Arabia

510049363Analyzed
4v4 RM · 2d ago on Sep 29, 2026· 30m 30s· 8 players
Game mode
Random Map
Map size
Large (8 player)
Population
200
Speed
Normal
Resources
Standard
Victory
Conquest
Starting age
Dark Age
Ending age
Imperial Age
RankedLock teamsTeams togetherTeam positionsShared explorationLock speedFull tech treeHidden civsTurbo modeCheats
Victory
Defeat
🇨🇳 Ethiopians · China
1286
+18
🇫🇷 Varangians · France
1261
+19
🇨🇴 Turks · Colombia
1251
+19
🇮🇱 Turks · Israel
1251
+19
🇲🇽 Ethiopians · Mexico
1392
-21
🇲🇽 Hindustanis · Mexico
1320
-19
🇲🇽 Vietnamese · Mexico
1306
-18
🇲🇽 Varangians · Mexico
1277
-17
SantiGz
7:37 Loom
9:58 Feudal Age
10:48 Double-Bit Axe
10:44 Horse Collar
19:16 Fletching
20:45 Town Watch
32:03 Castle Age
renardoracle12
10:55 Feudal Age
11:29 Loom
12:04 Double-Bit Axe
12:50 Bloodlines
13:55 Forging
13:52 Scale Barding Armor
17:24 Horse Collar
19:33 Wheelbarrow
24:00 Castle Age
25:10 Scale Mail Armor
27:50 Chain Mail Armor
28:11 Iron Casting
28:25 Squires
28:52 Light Cavalry
Mike
10:35 Feudal Age
11:10 Double-Bit Axe
11:06 Horse Collar
16:10 Scale Barding Armor
17:19 Forging
17:13 Loom
18:04 Wheelbarrow
23:57 Castle Age
23:29 Bloodlines
23:20 Gold Mining
24:55 Bow Saw
25:00 Husbandry
28:14 Chain Barding Armor
29:18 Heavy Plow
JieX
5:19 Loom
6:03 Loom
8:48 Feudal Age
10:00 Double-Bit Axe
14:29 Fletching
17:51 Padded Archer Armor
24:26 Castle Age
23:09 Gold Mining
23:49 Horse Collar
24:27 Crossbowman
25:05 Bodkin Arrow
25:22 Bow Saw
24:53 Horse Collar
27:30 Ballistics
27:10 Town Watch
28:02 Wheelbarrow
29:36 Heavy Plow
MZTK | Puppet
6:21 Loom
7:00 Loom
9:36 Feudal Age
10:36 Double-Bit Axe
20:09 Castle Age
18:45 Gold Mining
18:48 Horse Collar
19:50 Forging
19:46 Scale Barding Armor
19:55 Bloodlines
20:56 Husbandry
20:17 Light Cavalry
25:47 Iron Casting
27:21 Chain Barding Armor
27:53 Bow Saw
MZTK l ROD
5:10 Loom
9:33 Feudal Age
11:20 Double-Bit Axe
16:12 Fletching
24:28 Horse Collar
28:09 Castle Age
29:43 Bow Saw
MZTK | SUPERLALOSKI
6:00 Loom
9:12 Feudal Age
12:04 Bloodlines
31:54 Castle Age
MZTK | Vasmart
Connection lost

Rejoining the realm…

Still unreachable

The connection could not be restored.

Session expired

The server has moved on; the page needs a fresh start.